 Dungeon Crawl Stone Soup version 0.26-a0-1053-gaff5f71418 (webtiles) character file.

Game seed: 3450902453989773518

367 sahdkjhfkaj the Chopper (level 6, -5/56 HPs)
             Began as a Hill Orc Monk on Dec 12, 2020.
             Was a Believer of Beogh.
             Engulfed by Ijyb the steam dragon's steam (10 damage)
             ... on level 4 of the Dungeon.
             The game lasted 00:05:18 (4757 turns).

sahdkjhfkaj the Chopper (Hill Orc Monk)             Turns: 4757, Time: 00:05:19

Health: -5/56      AC:  9    Str: 16    XL:     6   Next: 69%
Magic:  8/8        EV:  7    Int: 10    God:    Beogh [**....]
Gold:   200        SH:  0    Dex: 13    Spells: 5/5 levels left

rFire    . . .     SeeInvis .   a - +0 war axe
rCold    . . .     Faith    .   (no shield)
rNeg     . . .     Spirit   .   p - +0 chain mail
rPois    .         Reflect  .   (no helmet)
rElec    .         Harm     .   (no cloak)
rCorr    .         Rampage  .   (no gloves)
Will     .....                  (no boots)
Stlth    ..........             (no amulet)
HPRegen  0.18/turn              (no ring)
MPRegen  0.11/turn              (no ring)

@: no status effects
A: no striking features
a: Smiting, Renounce Religion


You were on level 4 of the Dungeon.
You worshipped Beogh.
Beogh was pleased with you.
You visited 1 branch of the dungeon, and saw 4 of its levels.

You collected 200 gold pieces.

Inventory:

Hand Weapons
 a - a +0 war axe (weapon)
Missiles
 o - 25 poisoned darts (quivered)
Armour
 p - a +0 chain mail (worn)
Wands
 l - a wand of disintegration (16)
 r - a wand of polymorph (5)
Scrolls
 b - 3 scrolls of identify {!r}
 c - 2 scrolls of remove curse {!r}
 g - 2 scrolls of enchant armour {!r}
 i - 2 scrolls of blinking {!r}
 j - 2 scrolls of fear {!r, unknown}
 k - 2 scrolls of amnesia {!r, unknown}
 n - a scroll of immolation {!r}
 s - a scroll of enchant weapon {!r, unknown}
 t - a scroll of fog {!r, unknown}
 u - a scroll of magic mapping {!r, unknown}
Potions
 e - a potion of haste {!q}
 f - 2 potions of might {!q, unknown}
 h - a potion of ambrosia {!q, unknown}
 m - a potion of brilliance {!q, unknown}
 q - a potion of cancellation {!q, unknown}


   Skills:
 - Level 5.1 Fighting
 - Level 6.9 Axes
 - Level 2.9 Armour
 - Level 2.4 Dodging
 - Level 1.5 Stealth
 - Level 2.8 Invocations
 + Level 1.0 Evocations


You had 5 spell levels left.
You didn't know any spells.
Your spell library was empty.

Dungeon Overview and Level Annotations

Branches:
Dungeon (4/15)
 Temple: D:4-7

Altars:

Annotations:
D:4 Ijyb


Message History

* * * LOW HITPOINT WARNING * * *
Ijyb claws you but does no damage.
You hit Ijyb but do no damage.
Ijyb is severely wounded.
You are engulfed in a cloud of scalding steam.
* * * LOW HITPOINT WARNING * * *
Ijyb bites you.
* * * LOW HITPOINT WARNING * * *
Ijyb claws you.
* * * LOW HITPOINT WARNING * * *
Really quaff
d - a potion of curing {!q}?
You feel better.
You are engulfed in a cloud of scalding steam.
Ijyb bites you.
* * * LOW HITPOINT WARNING * * *
Ijyb claws you but does no damage.
You hit Ijyb.
Ijyb is severely wounded.
You are engulfed in a cloud of scalding steam.
You die...

.......# .......#
.......# .......#
.......# ....####
########
..########.....)#
## ..#
#......###.###...#
..#
#.###..#ยงยง.@D..#
..#
#.###..#.#.###...#
### #......#.#.#
## #.##.......#
#.####.#####
####......#
##....###########
#...............#
#..##.##........#


You could see Ijyb the steam dragon (catching breath).

Vanquished Creatures
  A howler monkey (D:4)
  3 orc wizards
  2 orc priests
  3 worker ants
  5 adders
  An ooze (D:3)
  An adder skeleton (D:4)
  A worm (D:4)
  3 dart slugs
  3 leopard geckos
  6 orcs
  3 ball pythons
  5 bats
  4 giant cockroaches
  7 goblins
  7 hobgoblins
  5 jackals (D:2)
  2 quokkas (D:2)
  2 frilled lizards (D:4)
  14 kobolds
  A quokka skeleton (D:3)
  4 rats
83 creatures vanquished.

Vanquished Creatures (others)
  4 plants (D:2)
4 creatures vanquished.

Grand Total: 87 creatures vanquished

Notes
Turn   | Place    | Note
-------+----------+-------------------------------------------
     0 | D:1      | sahdkjhfkaj the Hill Orc Monk began the quest for the Orb.
     0 | D:1      | Reached XP level 1. HP: 19/19 MP: 1/1
   222 | D:1      | Reached XP level 2. HP: 5/27 MP: 2/2
   693 | D:1      | Reached skill level 1 in Armour
  1011 | D:1      | Reached XP level 3. HP: 30/33 MP: 3/3
  1551 | D:2      | Reached skill level 5 in Axes
  2704 | D:3      | Reached XP level 4. HP: 37/40 MP: 4/4
  2769 | D:3      | Became a worshipper of Beogh the Brigand
  2769 | D:3      | Reached * piety under Beogh
  2769 | D:3      | Reached ** piety under Beogh
  3111 | D:3      | Reached skill level 1 in Invocations
  3547 | D:4      | Reached XP level 5. HP: 33/47 MP: 4/6
  3567 | D:3      | Reached skill level 6 in Axes
  3855 | D:4      | Reached XP level 6. HP: 33/55 MP: 7/7
  4082 | D:4      | Reached skill level 5 in Fighting
  4742 | D:4      | Reached skill level 1 in Evocations
  4748 | D:4      | Noticed Ijyb
  4750 | D:4      | Noticed Ijyb
  4750 | D:4      | Ijyb changed into Ijyb the steam dragon
  4757 | D:4      | Engulfed by Ijyb the steam dragon's steam

Illustrated notes

Levels and vault maps discovered:
D:1:      nzn_arrival_crosshair, layout_basic
D:2:      cheibrodos_old_hovel, layout_loops_ring
D:3:      layout_basic, minmay_unequal
D:4:      layout_loops_cross, uniq_ijyb

Skill      XL: |  1  2  3  4  5  6 |
---------------+-------------------+-----
Armour         | 1 2 |  2.9
Fighting       | 4 5 |  5.1
Axes           | 5 6 |  6.9
Invocations    | 1 2 |  2.8
Evocations     | 1 |  1.0
Dodging        | |  2.4
Stealth        | |  1.5

Action                   |  1- 3 |  4- 6 || total
-------------------------+-------+-------++-------
Melee: Hand axe          |   143 |   199 ||   342
       War axe           |       |     5 ||     5
Invok: Convert to Beogh  |       |     1 ||     1
Evoke: Wand              |       |     2 ||     2
  Use: Scroll            |     5 |     3 ||     8
       Potion            |       |     3 ||     3
 Stab: Sleeping          |     3 |       ||     3
Armor: Robe              |    19 |       ||    19
       Chain mail        |       |   132 ||   132
Dodge: Dodged            |    98 |    82 ||   180

Table legend: (Time is in decaauts)
 A = Elapsed time spent in this place.
 B = Non-inter-level travel time spent in this place.
 C = Inter-level travel time spent in this place.
 D = Time resting spent in this place.
 E = Time spent auto-exploring this place.
 F = Levels seen in this place.
 G = Mean time per level.
                   A        B        C        D        E       F      G
               +--------+--------+--------+--------+--------+-----+--------+
         Total |   4764 |   4570 |    194 |   1125 |   2729 |   4 | 1191.0 |
       Dungeon |   4764 |   4570 |    194 |   1125 |   2729 |   4 | 1191.0 |
               +--------+--------+--------+--------+--------+-----+--------+

Top non-repeatable levels by time:
     D:1: 1609 daAuts
     D:3: 1108 daAuts
     D:2: 1082 daAuts
     D:4: 964 daAuts
